 Dungeon Crawl Stone Soup version 0.29.1 (webtiles) character file.

Game seed: 838589575962321638

3155 Ordine the Grappler (level 9, -1/71 HPs)
             Began as a Troll Fighter on Sept 14, 2022.
             Killed from afar by a wretched star (8 damage)
             ... with a lance of force
             ... on level 1 of the Abyss.
             The game lasted 00:10:31 (5217 turns).

Ordine the Grappler (Troll Fighter)                 Turns: 5217, Time: 00:10:32

Health: -1/71      AC:  7    Str: 26      XL:     9   Next: 62%
Magic:  0/8        EV:  8    Int:  7 (8)  God:
Gold:   257        SH:  7    Dex:  3 (5)  Spells: 8/8 levels left

rFire   . . .      SeeInvis .     - Unarmed
rCold   . . .      Faith    .   b - +0 kite shield
rNeg    . . .      Spirit   +   v - +0 troll leather armour {Pargi}
rPois   .          Reflect  .   (helmet restricted)
rElec   .          Harm     .   n - +0 cloak
rCorr   .          Rampage  .   (gloves unavailable)
Will    .....                   (boots unavailable)
Stlth   ..........              z - amulet of guardian spirit
HPRegen 1.81/turn               d - +4 ring of slaying
MPRegen 0.11/turn               (no ring)

@: unable to read
A: large, unfitting armour, claws 3, regeneration 1, shaggy fur 1, tough skin 1,
[clumsy 2], [deterioration 2], [frail 2], [screaming 2], [subdued magic 3],
[inability to read after injury 2]
a: no special abilities


You were on level 1 of the Abyss.
You visited 2 branches of the dungeon, and saw 7 of its levels.
You visited the Abyss 1 time.
You also visited: Sewer.

You collected 257 gold pieces.

Inventory:

Missiles
 t - 4 throwing nets
Armour
 b - a +0 kite shield (worn)
 n - a +0 cloak (worn)
 v - a +0 troll leather armour (worn) {Pargi}
Jewellery
 d - a +4 ring of slaying (left claw)
 u - a ring of wizardry
 z - an amulet of guardian spirit (around neck)
Wands
 E - a wand of roots (11)
Scrolls
 a - 2 scrolls of teleportation {unknown}
 g - 2 scrolls of enchant armour {unknown}
 h - 3 scrolls of identify {unknown}
 o - 4 scrolls of enchant weapon {unknown}
 p - 2 scrolls of fog {unknown}
 q - 2 scrolls of blinking {unknown}
 r - a scroll of amnesia {unknown}
 x - 2 scrolls of magic mapping {unknown}
 y - a scroll of acquirement {unknown}
 C - a scroll of immolation {unknown}
Potions
 c - 2 potions of might
 e - 2 potions of curing {unknown}
 f - a potion of magic {unknown}
 i - a potion of berserk rage {unknown}
 j - a potion of flight {unknown}
 k - 2 potions of lignification {unknown}
 l - 2 potions of heal wounds {unknown}
 m - 4 potions of mutation {unknown}
 s - a potion of degeneration {unknown}
 w - a potion of resistance {unknown}
 A - a potion of attraction {unknown}
 B - a potion of haste {unknown}
 D - a potion of invisibility {unknown}


   Skills:
 + Level 6.0 Fighting
 + Level 3.4 Dodging
 + Level 6.6 Shields
 * Level 9.6 Unarmed Combat


You had 8 spell levels left.
You didn't know any spells.
Your spell library contained the following spells:

 Spells                   Type           Power      Damage    Failure   Level
 Beastly Appendage        Tmut           0%         N/A       63%         1
 Summon Small Mammal      Summ           0%         N/A       63%         1
 Wereblood                Tmut           0%         N/A       77%         2
 Call Canine Familiar     Summ           0%         N/A       95%         3
 Frozen Ramparts          Ice            0%         1d1       95%         3
 Portal Projectile        Hex/Tloc       0%         N/A       95%         3
 Spider Form              Tmut/Pois      0%         N/A       95%         3
 Stone Arrow              Conj/Erth      0%         3d7       95%         3
 Animate Armour           Summ/Erth      0%         N/A       100%        4
 Ice Form                 Ice/Tmut       0%         N/A       100%        4
 Leda's Liquefaction      Hex/Erth       0%         N/A       100%        4
 Summon Ice Beast         Ice/Summ       0%         N/A       100%        4
 Dispersal                Tloc           0%         N/A       100%        6
 Disjunction              Tloc           0%         N/A       100%        8
 Lehudib's Crystal Spear  Conj/Erth      0%         10d2      100%        8


Dungeon Overview and Level Annotations

Branches:
Dungeon (6/15)             Temple (1/1) D:5           Sewer (visited)

Altars:
Ashenzari
Cheibriados
Dithmenos
Elyvilon
Fedhas
Hepliaklqana
Kikubaaqudgha
Makhleb
Nemelex Xobeh
Okawaru
Qazlal
Ru
Sif Muna
Trog
Vehumet
Yredelemnul
Zin
The Shining One

Shops:
D:6 *

Portals:
Abyss: D:5

Annotations:
D:5 1 transporter, Jakudza's ghost, novice TeAE


Innate Abilities, Weirdness & Mutations

You are too large for most types of armour.
You have claws for hands.
Your natural rate of healing is unusually fast.
You are covered in fur. (AC +1)
You have tough skin. (AC +1)
[You are very clumsy. (Dex -4)]
[Your body often deteriorates upon taking damage.]
[You are very frail. (-20% HP)]
[You frequently scream uncontrollably at your foes.]
[Your spells are much easier to cast, but much less powerful.]
[You sometimes lose the ability to read scrolls when taking damage.]


Message History

The wretched star is severely damaged.
The wretched star pulses with an eldritch light!
You feel frail. x2
You scratch the wretched star but do no damage.
The wretched star is severely damaged.
You barely miss the wretched star.
The wretched star is heavily damaged.
The wretched star glows turbulently.
You block the lance of force.
You claw the wretched star!
The wretched star is almost destroyed.
The wretched star glows turbulently.
The lance of force hits you!!
Your body deteriorates!
You feel clumsy.
You are knocked back by the lance of force.
You slam into the metal wall!
You feel threatened and lose the ability to read scrolls!
A small abomination comes into view.
You closely miss the wretched star.
The wretched star is almost destroyed.
The wretched star glows turbulently.
The lance of force hits you!!
* * * LOW HITPOINT WARNING * * *
Your body deteriorates!
You feel clumsy.
You are knocked back by the lance of force.
You slam into the metal wall!
* * * LOW HITPOINT WARNING * * *
Your body deteriorates!
You feel dopey.
You claw the wretched star!
The wretched star is almost destroyed.
The wretched star glows turbulently.
The lance of force misses you.
Unknown command.
You scratch the wretched star but do no damage.
The wretched star is almost destroyed.
You scratch the wretched star.
The wretched star is almost destroyed.
The wretched star glows turbulently.
The lance of force hits you!
You die...

. . # . . . ..
#.. # # # .. .
# #.. ..## ###
. .. ##.
#.####.# #. . #
>## ###....###
... #
#.###......##
.. . #
##.........#
#.# . .
##.#*@##..#####
. #.#
##.##.x..#. # .
.. . #.#
#.#.....#.#.# .
.. .
.###..##.#....#
# # . . ..#...
..#.###..# . .
. . .∩.# . ...#
.# . ###. .####
# . .##∩# ... #
. . # # ..#
..#...


You could see a wretched star and a small abomination.

Vanquished Creatures
  An efreet (Abyss:1)
  Sigmund (D:3)
  Eustachio (D:4)
  6 yaks (D:5)
  Edmund (D:3)
  A water moccasin (D:5)
  Pargi (Sewer)
  A phantom (D:5)
  A necrophage (D:5)
  5 scorpions
  5 orc priests (D:5)
  Crazy Yiuf (D:4)
  5 hounds
  5 iguanas
  Natasha (thrice) (D:3)
  6 orc wizards
  Robin (D:3)
  10 adders
  10 gnolls
  A white imp (D:4)
  2 ufetubi (D:4)
  7 worms
  11 orcs
  8 ball pythons
  5 endoplasms
  9 giant cockroaches
  4 hobgoblins
  4 bats
  8 frilled lizards
  13 goblins
  11 kobolds
  7 rats
155 creatures vanquished.

Vanquished Creatures (others)
  3 demonic plants (D:2)
  6 fungi
  2 plants
11 creatures vanquished.

Grand Total: 166 creatures vanquished

Notes
Turn   | Place    | Note
-------+----------+-------------------------------------------
     0 | D:1      | Ordine the Troll Fighter began the quest for the Orb.
     0 | D:1      | Reached XP level 1. HP: 22/22 MP: 0/0
   154 | D:1      | Reached XP level 2. HP: 29/29 MP: 1/1
   852 | D:2      | Reached XP level 3. HP: 34/36 MP: 2/2
   912 | D:2      | Reached skill level 3 in Unarmed Combat
   938 | D:2      | Found a faded altar of an unknown god.
  1347 | D:3      | Noticed Robin
  1357 | D:3      | Reached XP level 4. HP: 43/44 MP: 3/3
  1398 | D:3      | Killed Robin
  1489 | D:3      | Found a glowing drain.
  1510 | Sewer    | Entered a sewer
  1553 | Sewer    | Noticed Pargi
  1568 | Sewer    | Killed Pargi
  1569 | Sewer    | Reached skill level 4 in Unarmed Combat
  1569 | Sewer    | Reached XP level 5. HP: 31/53 MP: 4/4
  1776 | D:3      | Noticed Sigmund
  1785 | D:3      | Killed Sigmund
  1786 | D:3      | Reached skill level 5 in Unarmed Combat
  1786 | D:3      | Reached XP level 6. HP: 62/62 MP: 5/5
  1791 | D:3      | Found a radiant altar of Vehumet.
  1797 | D:3      | Found an ancient bone altar of Kikubaaqudgha.
  1803 | D:3      | Found a shimmering blue altar of Sif Muna.
  1811 | D:3      | Reached XP level 7. HP: 65/68 MP: 4/6
  1829 | D:3      | Got Sif Muna's Almanac of Generation
  1991 | D:3      | Noticed Natasha
  1997 | D:3      | Killed Natasha
  2430 | D:4      | Noticed Edmund
  2433 | D:4      | Reached skill level 6 in Unarmed Combat
  2610 | D:3      | Noticed Natasha
  2615 | D:3      | Killed Natasha
  2788 | D:3      | Noticed Natasha
  2794 | D:3      | Killed Natasha
  2833 | D:3      | Killed Edmund
  3042 | D:4      | Reached XP level 8. HP: 79/79 MP: 7/7
  3081 | D:4      | Found a runed translucent door.
  3082 | D:4      | Noticed Crazy Yiuf
  3087 | D:4      | Killed Crazy Yiuf
  3088 | D:4      | Reached skill level 5 in Shields
  3181 | D:4      | Noticed Eustachio
  3196 | D:4      | Killed Eustachio
  3197 | D:4      | Reached skill level 7 in Unarmed Combat
  3323 | D:4      | Found a stormy altar of Qazlal.
  3327 | D:4      | Found a bloodstained altar of Trog.
  3327 | D:4      | Found a sparkling altar of Nemelex Xobeh.
  3327 | D:4      | Found a glowing golden altar of the Shining One.
  3328 | D:4      | Found a burning altar of Makhleb.
  3330 | D:4      | Found a hazy altar of Hepliaklqana.
  3553 | D:5      | Entered Level 5 of the Dungeon
  3753 | D:5      | Reached skill level 5 in Fighting
  3763 | D:5      | Reached skill level 8 in Unarmed Combat
  3777 | D:5      | Reached XP level 9. HP: 58/88 MP: 3/8
  3928 | D:5      | Reached skill level 9 in Unarmed Combat
  4363 | D:5      | Found a staircase to the Ecumenical Temple.
  4370 | Temple   | Entered the Ecumenical Temple
  4598 | D:5      | Found a transporter.
  4608 | D:5      | Found a one-way gate to the infinite horrors of the Abyss.
  4608 | D:5      | Noticed Jakudza's ghost (novice TeAE)
  4621 | D:5      | Found a transporter.
  5066 | D:6      | Found Faodwoni's Elemental Accessories.
  5119 | Abyss:1  | Cast into level 1 of the Abyss (kobold brigand)
  5167 | Abyss:1  | Noticed an efreet
  5173 | Abyss:1  | Killed an efreet
  5194 | Abyss:1  | Noticed a wretched star
  5214 | Abyss:1  | HP: 1/71 [metal wall collision (17)]
  5217 | Abyss:1  | Killed from afar by a wretched star

Illustrated notes

Levels and vault maps discovered:
D:1:      dpeg_arrival_snail, layout_basic, serial_bayou_lagoon_a,
          nicolae_wormholes
D:2:      layout_basic, shapermc_ecumenical_altar_gd
D:3:      minmay_door_path, layout_basic, palyth_temple_overflow_mages,
          portal_sewer_entry_a, uniq_sigmund, uniq_robin, uniq_natasha
D:4:      layout_cave_pools, minitemple, grunt_ministairs_11,
          dreamdust_gnoll_farm, uniq_crazy_yiuf_cottage, uniq_eustachio,
          uniq_edmund
D:5:      layout_basic, minmay_temple_entry_enclosed_plants,
          gammafunk_ghost_abyssal_escape, nrook_mini_backslash
D:6:      nicolae_cairo_tiling_large, layout_gridville,
          mainiacjoe_overflow_brackets, nicolae_uskayaw_suspiria,
          nicolae_gozag_seed_capital, nicolae_elemental_shop, uniq_pikel,
          uniq_blork_the_orc
Temple:   nicolae_temple_bog_church
Abyss:1:  base:
Temple

Skill      XL: |  1  2  3  4  5  6  7  8  9 |
---------------+----------------------------+-----
Shields        | 3 4 6 |  6.6
Unarmed Combat | 3 4 5 6 8 9 |  9.6
Fighting       | 3 4 5 6 |  6.0
Dodging        | 3 |  3.4

Action                   |  1- 3 |  4- 6 |  7- 9 || total
-------------------------+-------+-------+-------++-------
Melee: Unarmed           |   105 |    86 |   265 ||   456
Armor: Robe              |    23 |    35 |       ||    58
       Troll leather arm |       |    10 |    73 ||    83
Dodge: Dodged            |    30 |    31 |   108 ||   169
Block: Kite shield       |    34 |    54 |   105 ||   193
